 Dungeon Crawl Stone Soup version 0.29-a0-541-gaf1fc19f1b (webtiles) character file.

Game seed: 1155345091610206765

1 Hubjo the Firebug (level 1, -1/10 HPs)
             Began as a Deep Elf Fire Elementalist on June 2, 2022.
             Slain by a goblin
             ... wielding a +0 dagger
              (4 damage)
             ... on level 1 of the Dungeon.
             The game lasted 00:00:10 (161 turns).

Hubjo the Firebug (Deep Elf Fire Elementalist)       Turns: 161, Time: 00:00:11

Health: -1/10      AC:  2    Str:  5    XL:     1   Next: 16%
Magic:  6/6        EV: 12    Int: 19    God:
Gold:   10         SH:  0    Dex: 15    Spells: 5/6 levels left

rFire   . . .      SeeInvis .   (no weapon)
rCold   . . .      Faith    .   (no shield)
rNeg    . . .      Spirit   .   a - +0 robe
rPois   .          Reflect  .   (no helmet)
rElec   .          Harm     .   (no cloak)
rCorr   .          Rampage  .   (no gloves)
Will    .....                   (no boots)
Stlth   ++........              (no amulet)
HPRegen 0.03/turn               (no ring)
MPRegen 0.10/turn               (no ring)

@: no status effects
A: no striking features
a: no special abilities


You were on level 1 of the Dungeon.
You visited 1 branch of the dungeon, and saw 1 of its levels.

You collected 10 gold pieces.

Inventory:

Armour
 a - a +0 robe (worn)
Scrolls
 c - a scroll of torment {unknown}
Potions
 b - a potion of magic
 d - a potion of flight {unknown}


   Skills:
 * Level 0.1 Fighting
 - Level 2.4 Dodging
 + Level 2.4 Stealth
 + Level 3.0 Spellcasting
 - Level 1.1 Conjurations
 + Level 3.3 Fire Magic


You had 5 spell levels left.
You knew the following spells:

 Your Spells              Type           Power      Damage    Failure   Level
a - Foxfire               Conj/Fire      44%        2x1d6     6%          1

Your spell library contained the following spells:

 Spells                   Type           Power      Damage    Failure   Level
 Scorch                   Fire           30%        2d6       6%          2
 Conjure Flame            Conj/Fire      11%        6-21      19%         3
 Inner Flame              Hex/Fire       9%         N/A       24%         3
 Flame Wave               Conj/Fire      11%        2d5       52%         4


Dungeon Overview and Level Annotations

Branches:
Dungeon (1/15)

Altars:


Message History

Found a scroll labelled ESUEHEE FALIDWE.
You conjure some foxfire!
You conjure some foxfire!
You conjure some foxfire!
You conjure some foxfire!
The foxfire hits the giant cockroach.
The giant cockroach is moderately wounded.
The foxfire hits the giant cockroach but does no damage.
The giant cockroach is moderately wounded.
The foxfire hits the giant cockroach but does no damage.
The giant cockroach is moderately wounded.
You conjure some foxfire!
The giant cockroach closely misses you.
The foxfire hits the giant cockroach.
The giant cockroach is heavily wounded.
The giant cockroach barely misses you.
You conjure some foxfire!
The giant cockroach misses you.
The foxfire hits the giant cockroach.
You kill the giant cockroach!
You conjure some foxfire!
Your foxfire dissipates!
You are too depleted to draw on your mana recklessly!
Your foxfire dissipates!
Your foxfire dissipates!
Magic restored.
Found a dagger.
Found a faded altar of an unknown god.
You see here a giant cockroach corpse.
c - a scroll labelled ESUEHEE FALIDWE
d - a sedimented silvery potion You now have 10 gold pieces.
A goblin comes into view. It is wielding a +0 dagger.
The goblin shouts!
A goblin is nearby!
The goblin attacks as you move away! The goblin hits you with a +0 dagger.
The goblin closely misses you. The goblin misses you.
The goblin hits you with a +0 dagger. The goblin attacks as you move away!
The goblin hits you with a +0 dagger.
* * * LOW HITPOINT WARNING * * *
The goblin attacks as you move away! The goblin closely misses you.
The goblin attacks as you move away! The goblin hits you with a +0 dagger.
You die...

##### #...#
###############.#.########
######........@g.....#.........
#......######################..
#.......†.# #.. #......##.# #..
#.._...##.# #.. #......##.#
.........
#.....###.############..g....##
#..>.........[...............
#.....########.#######.......


You could see a goblin.

Vanquished Creatures
  A giant cockroach (D:1)
1 creature vanquished.

Vanquished Creatures (others)
  9 foxfires (D:1)
9 creatures vanquished.

Grand Total: 10 creatures vanquished

Notes
Turn   | Place    | Note
-------+----------+-------------------------------------------
     0 | D:1      | Hubjo the Deep Elf Fire Elementalist began the quest for
                  | the Orb.
     0 | D:1      | Reached XP level 1. HP: 10/10 MP: 6/6
    91 | D:1      | Found a faded altar of an unknown god.
   161 | D:1      | Slain by a goblin

Illustrated notes

Levels and vault maps discovered:
D:1:      psy_arrival_statuary, layout_basic,
          ebering_ecumenical_altar_sacrificial, grunt_decor_one_mirror

Action                   || total
-------------------------++-------
 Cast: Foxfire           ||     7
Dodge: Dodged            ||     6

Table legend: (Time is in decaauts)
 A = Elapsed time spent in this place.
 B = Non-inter-level travel time spent in this place.
 C = Inter-level travel time spent in this place.
 D = Time resting spent in this place.
 E = Time spent auto-exploring this place.
 F = Levels seen in this place.
 G = Mean time per level.
                   A        B        C        D        E       F      G
               +--------+--------+--------+--------+--------+-----+--------+
         Total |    161 |    161 |      0 |      0 |    118 |   1 |  161.0 |
       Dungeon |    161 |    161 |      0 |      0 |    118 |   1 |  161.0 |
               +--------+--------+--------+--------+--------+-----+--------+

Top non-repeatable levels by time:
     D:1: 161 daAuts
